 Dungeon Crawl Stone Soup version 0.13.0-19-g8e0b589 (webtiles) character file.

115 Malachi the Vexing (level 3, 0/24 HPs)
             Began as a Vampire Enchanter on Oct 24, 2013.
             Slain by a gnoll
             ... wielding a +0,+0 flail
              (2 damage)
             ... on Level 2 of the Dungeon.
             The game lasted 00:03:13 (1563 turns).

Malachi the Vexing (Vampire Enchanter)              Turns: 1563, Time: 00:03:13

HP   0/24        AC  4     Str  7      XL: 3   Next: 85%
MP   1/6         EV 13     Int 18      God:
Gold 53          SH  0     Dex 14      Spells:  2 memorised,  1 level left

Res.Fire  : . . .   See Invis. : +   i - +1,+0 elf short sword
Res.Cold  : . . .   Warding    : .   b - +1 robe
Life Prot.: + . .   Conserve   : .   (no shield)
Res.Poison: .       Res.Corr.  : .   (no helmet)
Res.Elec. : .       Clarity    : .   (no cloak)
Sust.Abil.: . .     Spirit.Shd : .   n - +0 pair of gauntlets
Res.Mut.  : .       Stasis     : .   (no boots)
Res.Rott. : .       Flight     : .   (no amulet)
Saprovore : . . .                    (no ring)
                                     (no ring)

@: slightly resistant to hostile enchantments, stealthy
A: fangs 3, see invisible, unbreathing
a: Bat Form


You were on level 2 of the Dungeon.
You were not thirsty.

You visited 1 branch of the dungeon, and saw 2 of its levels.

You collected 33 gold pieces.

Inventory:

Hand weapons
 a - a +1,+1 dagger {=f}
 i - a +1,+0 elven short sword (weapon)
Missiles
 d - 12 darts (quivered)
Armour
 b - a +1 robe (worn)
 n - a +0 pair of gauntlets (worn)
Scrolls
 g - 2 scrolls of remove curse {unknown}
 h - a scroll of teleportation {unknown}
 j - a scroll of identify {unknown}
 m - a scroll of noise {unknown}
Jewellery
 l - an uncursed ring of ice {unknown}
Potions
 e - a potion of blood
 f - 2 potions of confusion {unknown}
 k - a potion of curing {unknown}
Books
 c - a book of Maledictions

   Spells                             Type                      Level
   *Corona                            Hexes                        1
   Sure Blade                         Hexes/Charms                 2
   *Ensorcelled Hibernation           Hexes/Ice                    2
   Confuse                            Hexes                        3
   Enslavement                        Hexes                        4
   Invisibility                       Hexes                        6


   Skills:
 - Level 0.1 Fighting
 + Level 1.3 Short Blades
 - Level 0.7 Throwing
 + Level 2.8 Dodging
 + Level 3.9 Stealth
 - Level 1.0 Spellcasting
 + Level 5.9 Hexes
 + Level 0.2 Ice Magic


You had one spell level left.
You knew the following spells:

 Your Spells              Type           Power        Failure   Level  Hunger
a - Corona                Hex            ###....      1%          1    ##.....
b - Ensorcelled Hibernat  Hex/Ice        ##....       12%         2    ###....


Dungeon Overview and Level Annotations

Branches:
Dungeon (2/27)

Altars:
Zin


Innate Abilities, Weirdness & Mutations

You have razor-sharp teeth.*
You have supernaturally acute eyesight.
You can survive without breathing.*


Message History

The gnoll is lightly wounded.
The gnoll hits you with a flail!
You hit the gnoll.
The gnoll is heavily wounded.
You hit the gnoll.
The gnoll is severely wounded.
The gnoll barely misses you.
You hit the gnoll.
The gnoll is almost dead.
The gnoll hits you with a flail!
* * * LOW HITPOINT WARNING * * *
You are too injured to fight recklessly!
You hit the gnoll but do no damage.
The gnoll is almost dead.
The gnoll hits you with a flail.
* * * LOW HITPOINT WARNING * * *
You hit the gnoll but do no damage.
The gnoll is almost dead.
The gnoll stops glowing.
The gnoll hits you with a flail.
You die...

#.#.#.#.#####
#.##.......#
#.......##.##
###...###.... ##
######.....#..## ### #.#
#............... ...
#.## #.#####..#......
#.###.###.#####.......#.
#...#g@.....##.####....
#.>.##.#.##.##.## ####.
#...#.##......#.## ##.
..##### #......._.# #..
### #.##.###.## #..
#.##....## #.. #...##.g#
#.. #......g######..
###.##.##.......


You could see a gnoll.

Vanquished Creatures
  2 gnolls (D:2)
  An adder (D:2)
  3 giant geckos
  A ball python (D:2)
  4 goblins
  5 hobgoblins
  5 bats
  2 giant cockroaches (D:1)
  2 giant newts (D:1)
  3 kobolds (D:1)
  4 rats (D:1)
32 creatures vanquished.

Notes
Turn   | Place    | Note
--------------------------------------------------------------
     0 | D:1      | Malachi, the Vampire Enchanter, began the quest for the Orb.
     0 | D:1      | Reached XP level 1. HP: 13/13 MP: 4/4
   138 | D:1      | Reached skill level 5 in Hexes
   285 | D:1      | Reached XP level 2. HP: 17/19 MP: 3/5
   687 | D:2      | Reached XP level 3. HP: 16/24 MP: 4/6
   872 | D:2      | Learned a level 2 spell: Ensorcelled Hibernation
  1003 | D:2      | Found a glowing silver altar of Zin.
  1561 | D:2      | HP: 1/24 [gnoll/flail (5)]
  1563 | D:2      | Slain by a gnoll

Action                   || total
-------------------------++-------
Melee: Dagger            ||    27
       Short sword       ||    82
       Unarmed           ||    12
 Cast: Corona            ||    23
       Ensorcelled Hiber ||     6
 Abil: End Transformatio ||     1
       Bat Form          ||     1
 Stab: Sleeping          ||     3
